| TOP OF THE 1ST |
|
Clemson University Tigers batting - Pitching for Ohio State University Buckeyes : RHP Edwin Rosado
|
|
Pitching: RHP Edwin Rosado
|
|
|
Batting: LHB Steve Gates
|
0-0: Ground out 6-3 (Groundball, 6S, EV 90.0 MPH)
|
|
Batting: LHB Santiago Carrillo
|
0-0: Called Strike 0-1: Ball 1-1: Ball 2-1: Swinging Strike 2-2: Foul Ball, location: 2F 2-2: Foul Ball, location: 2F 2-2: Ground out 5-3 (Groundball, 5, EV 80.6 MPH)
|
|
Batting: RHB Marco Maggs
|
0-0: Ball 1-0: Ball 2-0: Swinging Strike 2-1: Foul Ball, location: 2F 2-2: Fly out, F7 (Flyball, 7S, EV 91.2 MPH)
|
| Top of the 1st over - 0 runs, 0 hits, 0 errors, 0 left on base; Clemson University 0 - Ohio State University 0 |
| BOTTOM OF THE 1ST |
|
Ohio State University Buckeyes batting - Pitching for Clemson University Tigers : RHP Joe Maid
|
|
Pitching: RHP Joe Maid
|
|
|
Batting: LHB Anthony Ross
|
0-0: Ball 1-0: Ground out 4-3 (Groundball, 4, EV 101.9 MPH)
|
|
Batting: RHB Jacob Carrano
|
0-0: Called Strike 0-1: SINGLE (Groundball, P, EV 89.4 MPH) (infield hit)
|
|
Batting: LHB Tony Abascal
|
0-0: Fielders Choice at 2nd, 4-6 (Groundball, 4, EV 90.6 MPH)
|
|
Batting: RHB Tristan Gimple
|
0-0: Called Strike 0-1: Ball 1-1: Fly out, F8 (Flyball, 8LM, EV 94.4 MPH)
|
| Bottom of the 1st over - 0 runs, 1 hit, 0 errors, 1 left on base; Clemson University 0 - Ohio State University 0 |
| TOP OF THE 2ND |
|
Clemson University Tigers batting - Pitching for Ohio State University Buckeyes : RHP Edwin Rosado
|
|
Batting: RHB Josh LeSage
|
0-0: Ball 1-0: Called Strike 1-1: Ball 2-1: Ball 3-1: Ground out 6-3 (Groundball, 6, EV 81.9 MPH)
|
|
Batting: LHB Jochen Salt
|
0-0: Ball 1-0: Reached on error, E1 (Groundball, 15S, EV 66.2 MPH)
|
|
Batting: RHB Jason Duncan
|
0-0: Called Strike 0-1: Ball 1-1: Called Strike 1-2: Strikes out swinging
|
|
Batting: LHB George Jedinak
|
0-0: Fly out, F8 (Flyball, 8LM, EV 97.5 MPH)
|
| Top of the 2nd over - 0 runs, 0 hits, 1 error, 1 left on base; Clemson University 0 - Ohio State University 0 |
| BOTTOM OF THE 2ND |
|
Ohio State University Buckeyes batting - Pitching for Clemson University Tigers : RHP Joe Maid
|
|
Batting: LHB Zach Brandt
|
0-0: Ball 1-0: Ball 2-0: SINGLE (Groundball, 6M, EV 100.6 MPH) (infield hit)
|
|
Batting: RHB David Guillen
|
0-0: Ball 1-0: Called Strike 1-1: Ball Zach Brandt steals 2nd base 2-1: Swinging Strike 2-2: SINGLE (Groundball, 56D, EV 103.1 MPH) Zach Brandt to third
|
|
Batting: LHB Adam Simpson
|
0-0: Ball 1-0: Fly out, F8 (Flyball, 8LD, EV 100.0 MPH) Runner from 3rd tags up, SCORES, throw by CF
|
|
Batting: LHB Ben Callaway
|
0-0: Foul Ball, location: 2F 0-1: Ball 1-1: Ball Wild Pitch! David Guillen to second 2-1: Ball 3-1: SINGLE (Groundball, 13S, EV 65.6 MPH) (infield hit) David Guillen to third
|
|
Batting: LHB John King
|
0-0: Foul Ball, location: 2F 0-1: Ball 1-1: Foul Ball, location: 2F 1-2: Strikes out swinging
|
|
Batting: LHB Anthony Ross
|
0-0: Foul Ball, location: 2F 0-1: Foul Ball, location: 2F 0-2: Strikes out swinging
|
| Bottom of the 2nd over - 1 run, 3 hits, 0 errors, 2 left on base; Clemson University 0 - Ohio State University 1 |
| TOP OF THE 3RD |
|
Clemson University Tigers batting - Pitching for Ohio State University Buckeyes : RHP Edwin Rosado
|
|
Batting: LHB Alfredo Padilla
|
0-0: Foul Ball, location: 2F 0-1: Swinging Strike 0-2: Ball 1-2: Foul Ball, location: 2F 1-2: Ball 2-2: Foul Ball, location: 2F 2-2: Foul Ball, location: 2F 2-2: Strikes out swinging
|
|
Batting: RHB Danny Gutierrez
|
0-0: Ball 1-0: Ground out 6-3 (Groundball, 6S, EV 76.9 MPH)
|
|
Batting: LHB Steve Gates
|
0-0: SINGLE (Line Drive, 6MD, EV 95.0 MPH)
|
|
Batting: LHB Santiago Carrillo
|
0-0: Ball 1-0: Swinging Strike 1-1: Ball 2-1: Foul Ball, location: 2F 2-2: Strikes out swinging
|
| Top of the 3rd over - 0 runs, 1 hit, 0 errors, 1 left on base; Clemson University 0 - Ohio State University 1 |
| BOTTOM OF THE 3RD |
|
Ohio State University Buckeyes batting - Pitching for Clemson University Tigers : RHP Joe Maid
|
|
Batting: RHB Jacob Carrano
|
0-0: Called Strike 0-1: Ball 1-1: Ball 2-1: Foul Ball, location: 2F 2-2: Foul Ball, location: 2F 2-2: Ground out 4-3 (Groundball, 4S, EV 88.8 MPH)
|
|
Batting: LHB Tony Abascal
|
0-0: Ball 1-0: Ball 2-0: Foul Ball, location: 2F 2-1: Ground out 1-3 (Groundball, P, EV 69.4 MPH)
|
|
Batting: RHB Tristan Gimple
|
0-0: Swinging Strike 0-1: Foul Ball, location: 2F 0-2: Foul Ball, location: 2F 0-2: Ball 1-2: Ground out 6-3 (Groundball, 6MS, EV 80.0 MPH)
|
| Bottom of the 3rd over - 0 runs, 0 hits, 0 errors, 0 left on base; Clemson University 0 - Ohio State University 1 |
| TOP OF THE 4TH |
|
Clemson University Tigers batting - Pitching for Ohio State University Buckeyes : RHP Edwin Rosado
|
|
Batting: RHB Marco Maggs
|
0-0: Ball 1-0: Called Strike 1-1: Called Strike 1-2: Ball 2-2: Ball 3-2: Strikes out looking
|
|
Batting: RHB Josh LeSage
|
0-0: Swinging Strike 0-1: SINGLE (Groundball, 6MD, EV 109.4 MPH) (infield hit)
|
|
Batting: LHB Jochen Salt
|
0-0: Fielders Choice at 2nd, 6-4 (Groundball, 6MS, EV 88.8 MPH)
|
|
Batting: RHB Jason Duncan
|
0-0: Fly out, F9 (Flyball, 89M, EV 86.9 MPH)
|
| Top of the 4th over - 0 runs, 1 hit, 0 errors, 1 left on base; Clemson University 0 - Ohio State University 1 |
| BOTTOM OF THE 4TH |
|
Ohio State University Buckeyes batting - Pitching for Clemson University Tigers : RHP Joe Maid
|
|
Batting: LHB Zach Brandt
|
0-0: Called Strike 0-1: Swinging Strike 0-2: Foul Ball, location: 2F 0-2: Ball 1-2: Ball 2-2: Foul Ball, location: 2F 2-2: DOUBLE (Groundball, 3L, EV 103.1 MPH)
|
|
Batting: RHB David Guillen
|
0-0: Ball 1-0: Ball 2-0: Fly out, F5 (Line Drive, 56, EV 75.6 MPH)
|
|
Batting: LHB Adam Simpson
|
0-0: Ball 1-0: Foul Ball, location: 2F 1-1: Swinging Strike 1-2: Ball 2-2: SINGLE (Line Drive, 8LS, EV 98.1 MPH) Zach Brandt to third
|
|
Batting: LHB Ben Callaway
|
0-0: Ball 1-0: Foul Ball, location: 2F 1-1: Foul Ball, location: 2F 1-2: Ball 2-2: Grounds into double play, 6-4-3 (Groundball, 6M, EV 98.1 MPH)
|
| Bottom of the 4th over - 0 runs, 2 hits, 0 errors, 1 left on base; Clemson University 0 - Ohio State University 1 |
| TOP OF THE 5TH |
|
Clemson University Tigers batting - Pitching for Ohio State University Buckeyes : RHP Edwin Rosado
|
|
Batting: LHB George Jedinak
|
0-0: SOLO HOME RUN (Flyball, 9LD, EV 97.5 MPH), Distance : 354 ft
|
|
Batting: LHB Alfredo Padilla
|
0-0: Ball 1-0: Called Strike 1-1: Foul Ball, location: 2F 1-2: Ball 2-2: Foul Ball, location: 2F 2-2: Reached on error, E4 (Groundball, 4, EV 105.0 MPH)
|
|
Batting: RHB Danny Gutierrez
|
0-0: Swinging Strike 0-1: Sac Bunt to 2L - play at second, runner OUT! 2-6
|
|
Batting: LHB Steve Gates
|
0-0: Ball 1-0: Ball 2-0: Called Strike 2-1: Ground out 5-3 (Groundball, 56, EV 103.1 MPH) Danny Gutierrez to second
|
|
Batting: LHB Santiago Carrillo
|
0-0: Foul Ball, location: 2F 0-1: Ball 1-1: Foul Ball, location: 2F 1-2: Fly out, F7 (Flyball, 7S, EV 83.1 MPH)
|
| Top of the 5th over - 1 run, 1 hit, 1 error, 1 left on base; Clemson University 1 - Ohio State University 1 |
| BOTTOM OF THE 5TH |
|
Ohio State University Buckeyes batting - Pitching for Clemson University Tigers : RHP Joe Maid
|
|
Batting: LHB John King
|
0-0: Foul Ball, location: 2F 0-1: Foul Ball, location: 2F 0-2: Ball 1-2: Ball 2-2: Foul Ball, location: 2F 2-2: Ground out 4-3 (Groundball, 4M, EV 104.4 MPH)
|
|
Batting: LHB Anthony Ross
|
0-0: Swinging Strike 0-1: Called Strike 0-2: Strikes out swinging
|
|
Batting: RHB Jacob Carrano
|
0-0: Called Strike 0-1: Ball 1-1: Called Strike 1-2: Foul Ball, location: 2F 1-2: Fly out, F8 (Flyball, 8LM, EV 89.4 MPH)
|
| Bottom of the 5th over - 0 runs, 0 hits, 0 errors, 0 left on base; Clemson University 1 - Ohio State University 1 |
| TOP OF THE 6TH |
|
Clemson University Tigers batting - Pitching for Ohio State University Buckeyes : RHP Edwin Rosado
|
|
Batting: RHB Marco Maggs
|
0-0: Ball 1-0: Foul Ball, location: 2F 1-1: SOLO HOME RUN (Flyball, 78XD, EV 105.0 MPH), Distance : 415 ft
|
|
Batting: RHB Josh LeSage
|
0-0: Ball 1-0: Foul Ball, location: 2F 1-1: Called Strike 1-2: Ball 2-2: Ball 3-2: Ground out 1-3 (Groundball, 15, EV 64.4 MPH)
|
|
Batting: LHB Jochen Salt
|
0-0: Foul Ball, location: 2F 0-1: Ground out 4-3 (Groundball, 34, EV 83.8 MPH)
|
|
Batting: RHB Jason Duncan
|
0-0: Called Strike 0-1: Fly out, F4 (Popup, 4, EV 76.2 MPH)
|
| Top of the 6th over - 1 run, 1 hit, 0 errors, 0 left on base; Clemson University 2 - Ohio State University 1 |
| BOTTOM OF THE 6TH |
|
Ohio State University Buckeyes batting - Pitching for Clemson University Tigers : RHP Joe Maid
|
|
Batting: LHB Tony Abascal
|
0-0: Ball 1-0: Ball 2-0: Called Strike 2-1: Ball 3-1: Foul Ball, location: 2F 3-2: SOLO HOME RUN (Flyball, 9LD, EV 94.4 MPH), Distance : 377 ft
|
|
Pitching: RHP Dustin DeMent
|
|
|
Batting: RHB Tristan Gimple
|
0-0: Swinging Strike 0-1: Called Strike 0-2: Strikes out swinging
|
|
Batting: LHB Zach Brandt
|
0-0: Ball 1-0: Called Strike 1-1: Called Strike 1-2: Ball 2-2: Ground out 4-3 (Groundball, 4, EV 105.6 MPH)
|
|
Batting: RHB David Guillen
|
0-0: Called Strike 0-1: Ball 1-1: Ground out 6-3 (Groundball, 6, EV 80.6 MPH)
|
| Bottom of the 6th over - 1 run, 1 hit, 0 errors, 0 left on base; Clemson University 2 - Ohio State University 2 |
| TOP OF THE 7TH |
|
Clemson University Tigers batting - Pitching for Ohio State University Buckeyes : RHP Edwin Rosado
|
|
Batting: LHB George Jedinak
|
0-0: Called Strike 0-1: Foul Ball, location: 2F 0-2: Foul Ball, location: 2F 0-2: Ball 1-2: Fly out, F8 (Flyball, 8LD, EV 106.2 MPH)
|
|
Pitching: LHP Adrien Leroy
|
|
|
Batting: LHB Alfredo Padilla
|
0-0: Ball 1-0: Foul Ball, location: 2F 1-1: Fly out, F6 (Popup, P, EV 78.1 MPH)
|
|
Batting: RHB Danny Gutierrez
|
0-0: Ball 1-0: Ground out 5-3 (Groundball, 56, EV 99.4 MPH)
|
| Top of the 7th over - 0 runs, 0 hits, 0 errors, 0 left on base; Clemson University 2 - Ohio State University 2 |
| BOTTOM OF THE 7TH |
|
Ohio State University Buckeyes batting - Pitching for Clemson University Tigers : RHP Dustin DeMent
|
|
Pitching: LHP Brian Anderson
|
|
|
Batting: LHB Adam Simpson
|
0-0: Called Strike 0-1: Called Strike 0-2: Ball 1-2: Strikes out swinging
|
|
Batting: LHB Ben Callaway
|
0-0: Ball 1-0: Ball 2-0: Ball 3-0: Base on Balls
|
|
Batting: LHB John King
|
0-0: Ground out U3 (Groundball, 3, EV 85.6 MPH) Ben Callaway to second
|
|
Pinch Hitting: RHB Bo Wu
|
0-0: Called Strike 0-1: Called Strike 0-2: Foul Ball, location: 2F 0-2: Ball 1-2: Ball 2-2: Strikes out swinging
|
| Bottom of the 7th over - 0 runs, 0 hits, 0 errors, 1 left on base; Clemson University 2 - Ohio State University 2 |
| TOP OF THE 8TH |
|
Clemson University Tigers batting - Pitching for Ohio State University Buckeyes : LHP Adrien Leroy
|
|
Now at 3B: Mike Tarantino
|
|
|
Batting: LHB Steve Gates
|
0-0: Ball 1-0: SINGLE (Groundball, 6MS, EV 63.8 MPH) (infield hit)
|
|
Batting: LHB Santiago Carrillo
|
0-0: Called Strike 0-1: SINGLE (Groundball, 56D, EV 105.0 MPH) Steve Gates to second
|
|
Batting: RHB Marco Maggs
|
0-0: Swinging Strike 0-1: Called Strike 0-2: Foul Ball, location: 2F 0-2: Ball 1-2: Strikes out swinging
|
|
Batting: RHB Josh LeSage
|
0-0: Fielders Choice at 3rd, U5 (Groundball, 5L, EV 97.5 MPH) Santiago Carrillo to second
|
|
Batting: LHB Jochen Salt
|
0-0: Called Strike 0-1: Ball 1-1: Called Strike 1-2: Ball 2-2: Ground out 4-3 (Groundball, 4S, EV 88.8 MPH)
|
| Top of the 8th over - 0 runs, 2 hits, 0 errors, 2 left on base; Clemson University 2 - Ohio State University 2 |
| BOTTOM OF THE 8TH |
|
Ohio State University Buckeyes batting - Pitching for Clemson University Tigers : LHP Brian Anderson
|
|
Pitching: RHP John Sweet
|
|
|
Batting: RHB Jacob Carrano
|
0-0: Called Strike 0-1: Swinging Strike 0-2: Foul Ball, location: 2F 0-2: Strikes out swinging
|
|
Batting: LHB Tony Abascal
|
0-0: Fly out, F7 (Line Drive, 78M, EV 91.9 MPH)
|
|
Batting: RHB Tristan Gimple
|
0-0: Ball 1-0: Foul Ball, location: 2F 1-1: Ball 2-1: SINGLE (Flyball, 89S, EV 95.6 MPH)
|
|
Batting: LHB Zach Brandt
|
0-0: Ball 1-0: Ball 2-0: Ball 3-0: Base on Balls Tristan Gimple to second
|
|
Batting: RHB David Guillen
|
0-0: Ball 1-0: Ball 2-0: Called Strike 2-1: Foul Ball, location: 2F 2-2: Foul Ball, location: 2F 2-2: Foul Ball, location: 2F 2-2: Strikes out looking
|
| Bottom of the 8th over - 0 runs, 1 hit, 0 errors, 2 left on base; Clemson University 2 - Ohio State University 2 |
| TOP OF THE 9TH |
|
Clemson University Tigers batting - Pitching for Ohio State University Buckeyes : LHP Adrien Leroy
|
|
Pitching: RHP Eric Long
|
|
|
Pinch Hitting: LHB Mario Nunez
|
0-0: Swinging Strike 0-1: Foul Ball, location: 2F 0-2: Ball 1-2: Ball 2-2: Strikes out looking
|
|
Batting: LHB George Jedinak
|
0-0: Called Strike 0-1: Ball 1-1: Foul Ball, location: 2F 1-2: Foul Ball, location: 2F 1-2: Foul Ball, location: 2F 1-2: Foul Ball, location: 2F 1-2: Ball 2-2: Ball 3-2: Foul Ball, location: 2F 3-2: SINGLE (Line Drive, 8RS, EV 97.5 MPH)
|
|
Batting: LHB Alfredo Padilla
|
0-0: Ball 1-0: Ball 2-0: Called Strike 2-1: Ball 3-1: Foul Ball, location: 2F 3-2: Strikes out swinging
|
|
Batting: RHB Danny Gutierrez
|
0-0: Ball 1-0: Ball 2-0: Foul Ball, location: 2F 2-1: Ground out 4-3 (Groundball, 4S, EV 87.5 MPH)
|
| Top of the 9th over - 0 runs, 1 hit, 0 errors, 1 left on base; Clemson University 2 - Ohio State University 2 |
| BOTTOM OF THE 9TH |
|
Ohio State University Buckeyes batting - Pitching for Clemson University Tigers : RHP John Sweet
|
|
Pitching: LHP Will West
|
|
|
Now in LF: Tony Rivera
|
|
|
Batting: LHB Adam Simpson
|
0-0: Swinging Strike 0-1: Ball 1-1: Ground out U3 (Groundball, 3, EV 98.8 MPH)
|
|
Pinch Hitting: RHB Masatoshi Mori
|
0-0: Ground out 3-1 (Groundball, 34, EV 86.2 MPH)
|
|
Batting: LHB John King
|
0-0: Called Strike 0-1: Called Strike 0-2: Foul Ball, location: 2F 0-2: Strikes out swinging
|
| Bottom of the 9th over - 0 runs, 0 hits, 0 errors, 0 left on base; Clemson University 2 - Ohio State University 2 |
| TOP OF THE 10TH |
|
Clemson University Tigers batting - Pitching for Ohio State University Buckeyes : RHP Eric Long
|
|
Pitching: RHP Bob Rowsell
|
|
|
Now at C: Josh Dinsmore
|
|
|
Batting: LHB Steve Gates
|
0-0: Called Strike 0-1: Ball 1-1: Ball 2-1: Ball 3-1: Base on Balls
|
|
Batting: LHB Santiago Carrillo
|
0-0: Ball 1-0: Fly out, F7 (Line Drive, 78M, EV 91.9 MPH)
|
|
Batting: RHB Marco Maggs
|
0-0: Reached on error, E5 (Groundball, 56, EV 89.4 MPH) Steve Gates to second
|
|
Batting: RHB Josh LeSage
|
0-0: Fielders Choice at 2nd, 6-4 (Groundball, 56, EV 83.8 MPH) Steve Gates to third
|
|
Batting: LHB Jochen Salt
|
0-0: Ball 1-0: Ball 2-0: Swinging Strike 2-1: Ball 3-1: Swinging Strike 3-2: Foul Ball, location: 2F 3-2: Foul Ball, location: 2F 3-2: Base on Balls Josh LeSage to second
|
|
Pinch Hitting: LHB David Fiedler
|
0-0: Called Strike 0-1: Ball 1-1: Foul Ball, location: 2F 1-2: Ground out 4-3 (Groundball, 4, EV 98.8 MPH)
|
| Top of the 10th over - 0 runs, 0 hits, 1 error, 3 left on base; Clemson University 2 - Ohio State University 2 |
| BOTTOM OF THE 10TH |
|
Ohio State University Buckeyes batting - Pitching for Clemson University Tigers : LHP Will West
|
|
Now in LF: David Rhodes
|
|
|
Batting: RHB Mike Tarantino
|
0-0: Called Strike 0-1: Called Strike 0-2: Ball 1-2: Ball 2-2: Ball 3-2: Fly out, F9 (Flyball, 89D, EV 96.9 MPH)
|
|
Batting: RHB Jacob Carrano
|
0-0: Ground out 5-3 (Groundball, 56S, EV 62.5 MPH)
|
|
Batting: LHB Tony Abascal
|
0-0: Called Strike 0-1: Ball 1-1: Swinging Strike 1-2: Foul Ball, location: 2F 1-2: Ball 2-2: Strikes out swinging
|
| Bottom of the 10th over - 0 runs, 0 hits, 0 errors, 0 left on base; Clemson University 2 - Ohio State University 2 |
| TOP OF THE 11TH |
|
Clemson University Tigers batting - Pitching for Ohio State University Buckeyes : RHP Bob Rowsell
|
|
Pitching: RHP Leonidas Panagopoulos
|
|
|
Batting: LHB George Jedinak
|
0-0: Called Strike 0-1: Called Strike 0-2: Foul Ball, location: 2F 0-2: Ball 1-2: Foul Ball, location: 2F 1-2: Strikes out swinging
|
|
Batting: LHB Alfredo Padilla
|
0-0: Ball 1-0: SINGLE (Line Drive, 8RS, EV 110.6 MPH)
|
|
Batting: RHB Danny Gutierrez
|
0-0: Swinging Strike 0-1: SINGLE (Flyball, 34D, EV 86.2 MPH) Alfredo Padilla to second
|
|
Batting: LHB Steve Gates
|
0-0: Ball 1-0: Ball 2-0: Ball 3-0: Called Strike 3-1: Base on Balls Alfredo Padilla to third Danny Gutierrez to second
|
|
Batting: LHB Santiago Carrillo
|
0-0: Foul Ball, location: 2F 0-1: Ball 1-1: Ball 2-1: SINGLE (Groundball, 4M, EV 107.5 MPH) Alfredo Padilla scores Danny Gutierrez to third Steve Gates to second Runner from 3rd tries for Home, SAFE, throw by CF to home
|
|
Batting: RHB Marco Maggs
|
0-0: Foul Ball, location: 2F 0-1: Foul Ball, location: 2F 0-2: Fielders Choice at 2nd, 5-4 (Groundball, 56S, EV 83.8 MPH) Steve Gates to third
|
|
Pitching: RHP Roberto Morado
|
|
|
Batting: RHB Josh LeSage
|
0-0: Foul Ball, location: 2F 0-1: Called Strike 0-2: Fly out, F8 (Flyball, 78M, EV 90.6 MPH)
|
| Top of the 11th over - 2 runs, 3 hits, 0 errors, 2 left on base; Clemson University 4 - Ohio State University 2 |
| BOTTOM OF THE 11TH |
|
Ohio State University Buckeyes batting - Pitching for Clemson University Tigers : LHP Will West
|
|
Pitching: LHP Jonathan Hughes
|
|
|
Batting: RHB Tristan Gimple
|
0-0: Ball 1-0: Ball 2-0: SINGLE (Groundball, 56D, EV 96.9 MPH)
|
|
Batting: LHB Zach Brandt
|
0-0: Ball 1-0: Called Strike 1-1: Ball 2-1: Ball 3-1: Base on Balls Tristan Gimple to second
|
|
Batting: RHB David Guillen
|
0-0: Bunted foul 0-1: Bunted foul 0-2: Ball 1-2: Ball 2-2: Foul Ball, location: 2F 2-2: Ball 3-2: Fielders Choice at 2nd, 4-6 (Groundball, 4, EV 78.1 MPH) Tristan Gimple to third
|
|
Batting: LHB Adam Simpson
|
0-0: Ball 1-0: Foul Ball, location: 2F 1-1: TRIPLE (Line Drive, 78XD, EV 103.8 MPH) Tristan Gimple scores David Guillen scores
|
|
Batting: RHB Josh Dinsmore
|
0-0: SINGLE (Groundball, 56D, EV 108.1 MPH) Adam Simpson scores
|
| Bottom of the 11th over - 3 runs, 3 hits, 0 errors, 1 left on base; Clemson University 4 - Ohio State University 5 |
|